 Dungeon Crawl Stone Soup version 0.29.0-15-g675c0067aa (webtiles) character file.

Game seed: 18209431496467372683

2 void236 the Conjurer (level 1, 0/14 HPs)
             Began as a Draconian Conjurer on Sept 11, 2022.
             Slain by a hound (1 damage)
             ... on level 4 of the Dungeon.
             The game lasted 00:02:43 (367 turns).

void236 the Conjurer (Draconian Conjurer)            Turns: 367, Time: 00:02:43

Health: 0/14       AC:  4    Str:  9    XL:     1   Next: 33%
Magic:  2/3        EV: 12    Int: 18    God:
Gold:   47         SH:  0    Dex:  9    Spells: 3/4 levels left

rFire   . . .      SeeInvis .   (no weapon)
rCold   . . .      Faith    .   (no shield)
rNeg    . . .      Spirit   .   (body armour unavailable)
rPois   .          Reflect  .   (helmet restricted)
rElec   .          Harm     .   (no cloak)
rCorr   .          Rampage  .   (no gloves)
Will    .....                   (no boots)
Stlth   ++........              (no amulet)
HPRegen 0.04/turn               (no ring)
MPRegen 0.08/turn               (no ring)

@: no status effects
A: AC +4, unfitting armour, cold-blooded
a: no special abilities


You were on level 4 of the Dungeon.
You visited 1 branch of the dungeon, and saw 4 of its levels.

You collected 47 gold pieces.

Inventory:

Wands
 d - a wand of mindburst (14)
Scrolls
 b - a scroll of blinking {unknown}
 c - 2 scrolls of identify {unknown}
Potions
 a - a potion of magic


   Skills:
 + Level 1.7 Dodging
 + Level 1.7 Stealth
 + Level 2.0 Spellcasting
 + Level 4.1 Conjurations


You had 3 spell levels left.
You knew the following spells:

 Your Spells              Type           Power      Damage    Failure   Level
a - Magic Dart            Conj           64%        1d6       3%          1

Your spell library contained the following spells:

 Spells                   Type           Power      Damage    Failure   Level
 Searing Ray              Conj           32%        2d5       4%          2
 Dazzling Flash           Conj/Hex       18%        N/A       24%         3
 Fulminant Prism          Conj/Hex       4%         3d6       61%         4
 Iskenderun's Mystic Bla  Conj/Tloc      9%         2d4       61%         4


Dungeon Overview and Level Annotations

Branches:
Dungeon (4/15)
 Temple: D:4-7

Altars:


Innate Abilities, Weirdness & Mutations

Your plain brown scales are hard. (AC +4)
You cannot fit into any form of body armour.
You are cold-blooded and may be slowed by cold attacks.


Message History

Press: ? - help, Shift-Dir - straight line, f/p - hound
Aim: a hound (chance to affect: 72%)
The hound struggles to resist.
An ufetubus comes into view.
The hound bites you.
Unknown command.
Casting: Magic Dart (safe; 3% risk of failure)
Confirm with . or Enter, or press ? or * to list all spells.
You don't know that spell.
Aiming: Mindburst
Press: ? - help, Shift-Dir - straight line, f/p - hound
Aim: a hound (chance to affect: 72%)
The hound's mind is blasted!
The ufetubus shouts!
The hound bites you. The hound bites you but does no damage.
Casting: Magic Dart (safe; 3% risk of failure)
Confirm with . or Enter, or press ? or * to list all spells.
Aiming: Magic Dart (safe; 3% risk of failure)
Press: ? - help, Shift-Dir - straight line, f/p - hound
Aim: a hound (heavily wounded, 100% to hit)
The magic dart hits the hound.
The hound is severely wounded.
The hound bites you.
* * * LOW HITPOINT WARNING * * *
Unknown command.
The hound closely misses you. The hound bites you but does no damage.
Aiming: Mindburst
Press: ? - help, Q - select action, (/) - cycle Shift-Dir - straight line, f - ufetubus, p - hound
Aim: an ufetubus (chance to affect: 72%)
The hound struggles to resist.
The hound closely misses you. The ufetubus closely misses you.
The ufetubus hits you but does no damage.
The ufetubus attacks as you move away! The ufetubus barely misses you.
The ufetubus hits you but does no damage.
The ufetubus barely misses you.
The ufetubus hits you but does no damage.
The hound bites you.
You die...

# .. .....# #........#.#
.....#######........#.###
!....................$...
.... #.#...#........#.#.# ...
#.<...#........#.#.#
..####.....#..#.......#.###.#
#.##.......#..###...........
..##.##†...#.(..@5......#
.....#.....#.....h......###
.##..#.###.........##.....#
.##..... #.........#......#
.....#...#.#...#####......##
..##.#.......#.# #.......#
..##...........# ##......#
..##............ #......# .
............#......####.#


You could see a hound and an ufetubus.

Vanquished Creatures
  A quokka (D:4)
  2 ball pythons (D:4)
3 creatures vanquished.

Vanquished Creatures (others)
  3 toadstools (D:4)
3 creatures vanquished.

Grand Total: 6 creatures vanquished

Notes
Turn   | Place    | Note
-------+----------+-------------------------------------------
     0 | D:1      | void236 the Draconian Conjurer began the quest for the Orb.
     0 | D:1      | Reached XP level 1. HP: 14/14 MP: 3/3
   351 | D:4      | Noticed a hound
   367 | D:4      | Slain by a hound

Illustrated notes

Levels and vault maps discovered:
D:1:      matt_arrival_refuge, layout_basic, dreamdust_ecumenical_altar_grove
D:2:      layout_basic
D:3:      layout_rooms, nicolae_hepliaklqana_hippocampus, st_stairs_7,
          cheibrodos_gnoll_hut
D:4:      cheibrodos_fertilizer, layout_basic

Action                   || total
-------------------------++-------
Melee: Unarmed           ||     1
 Cast: Magic Dart        ||     7
Evoke: Wand              ||     3
Armor: Skin              ||     6
Dodge: Dodged            ||     7
